 Dungeon Crawl Stone Soup version 0.27.0-1-g7a089689b8 (webtiles) character file.

Game seed: 13938136356288639427

4972 octoduck the Geomancer (level 10, -8/63 HPs)
             Began as a Gargoyle Earth Elementalist on Aug 13, 2021.
             Was a Believer of Vehumet.
             Mangled by a white ugly thing (33 damage)
             ... on level 9 of the Dungeon.
             The game lasted 00:31:50 (11361 turns).

octoduck the Geomancer (GrEE)                      Turns: 11361, Time: 00:31:50

Health: -8/63      AC: 22    Str: 13      XL:     10   Next: 53%
Magic:  2/23       EV: 11    Int: 16 (18) God:    Vehumet [**....]
Gold:   477        SH:  0    Dex: 10      Spells: 4/17 levels left

rFire    . . .     SeeInvis .   r - +4 mace (protect)
rCold    . . .     Faith    .   (no shield)
rNeg     + . .     Spirit   .   a - +2 robe {Archmagi}
rPois    ∞         Reflect  .   (no helmet)
rElec    +         Harm     .   j - +2 cloak
rCorr    .         Rampage  .   (no gloves)
Will     .....     Archmagi +   d - +0 pair of boots
Stlth    +++.......             (no amulet)
HPRegen  0.20/turn              t - ring of magical power
MPRegen  0.18/turn              A - ring of wizardry

@: unable to read, under a protective aura
A: sickness immunity, AC +7, negative energy resistance 1, electricity
resistance, torment resistance 1, petrification resistance, camouflage 1,
deterioration 1, low mp 1, inability to read while threatened
a: Renounce Religion


You were on level 9 of the Dungeon.
You worshipped Vehumet.
Vehumet was pleased with you.
You visited 1 branch of the dungeon, and saw 9 of its levels.

You collected 477 gold pieces.

Inventory:

Hand Weapons
 e - a +4 spear of venom
 o - a +0 mace
 q - a +2 short sword of flaming
 r - a +4 mace of protection (weapon)
 B - a +4 mace
 C - a +1 dire flail of holy wrath
Missiles
 c - 225 stones
 x - 4 throwing nets
Armour
 a - a +2 robe of the Archmagi (worn)
 d - a +0 pair of boots (worn)
 j - a +2 cloak (worn)
 v - a +0 leather armour of fire resistance
 y - a +0 buckler
 F - the +1 ring mail of Death's Door {rPois Regen+ Int+2 Dex+3}
   (You found it on level 9 of the Dungeon)

   Int:       It affects your intelligence (+2).
   Dex:       It affects your dexterity (+3).
   rPois:     It protects you from poison.
   Regen:     It increases your rate of health regeneration.
Jewellery
 t - a ring of magical power (left hand)
 A - a ring of wizardry (right hand)
 D - a +6 ring of strength
Wands
 p - a wand of iceblast (11)
 u - a wand of charming (1)
Scrolls
 b - 2 scrolls of enchant armour
 k - 3 scrolls of fear
 m - a scroll of amnesia
Potions
 f - 5 potions of curing
 g - 2 potions of brilliance
 h - a potion of flight
 i - 2 potions of attraction
 l - 2 potions of magic
 n - a potion of heal wounds
 s - 3 potions of might
 w - a potion of berserk rage {unknown}
 z - a potion of resistance {unknown}
 E - a potion of experience {unknown}


   Skills:
 + Level 7.0 Fighting
 - Level 1.5 Dodging
 - Level 2.1 Stealth
 - Level 4.1 Spellcasting
 - Level 8.3 Conjurations
 + Level 3.8 Transmutations
 + Level 11.7 Earth Magic


You had 4 spell levels left.
You knew the following spells:

 Your Spells              Type           Power      Damage    Failure   Level
a - Sandblast             Erth           100%       2d20      1%          1
b - Stone Arrow           Conj/Erth      100%       3d13      1%          3
c - Passwall              Tmut/Erth      35%        N/A       1%          2
d - Shock                 Conj/Air       100%       1d9       1%          1
e - Static Discharge      Conj/Air       25%        N/A       1%          2
f - Petrify               Tmut/Erth      42%        N/A       2%          4

Your spell library contained the following spells:

 Spells                   Type           Power      Damage    Failure   Level
 Blink                    Tloc           N/A        N/A       11%         2
 Sticky Flame             Conj/Fire      25%        2d5       12%         4
 Inner Flame              Hex/Fire       5%         N/A       21%         3
 Cause Fear               Hex            2%         N/A       52%         4
 Dispel Undead            Necr           5%         3d7       52%         4
 Manifold Assault         Tloc           5%         N/A       86%         5
 Storm Form               Tmut/Air       7%         N/A       100%        7
 Discord                  Hex            2%         N/A       100%        8


Dungeon Overview and Level Annotations

Branches:
Dungeon (9/15)             Temple (0/1) D:4             Orc (0/2) D:9
   Lair: D:8-11

Altars:
Fedhas
Kikubaaqudgha
Ru
Sif Muna
Vehumet
Wu Jian
The Shining One
Beogh

Shops:
D:8 =

Annotations:
D:5 Edmund, Grinder


Innate Abilities, Weirdness & Mutations

You are immune to sickness and miasma.
Your stone body is resilient. (AC +7)
You are immune to poison.
You resist negative energy. (rN+)
You are resistant to electric shocks. (rElec)
You are resistant to unholy torment.
You are immune to petrification.
Your skin changes colour to match your surroundings (Stealth+).
Your body sometimes deteriorates upon taking damage.
Your magical capacity is low. (-10% MP)
You sometimes lose the ability to read scrolls when taking damage.


Message History

You feel a surge of power!
The stone arrow hits the white ugly thing!
The white ugly thing is severely wounded.
The white ugly thing is no longer petrified.
Okay, then.
Press: ? - help, v - describe, . - travel
Here: a white ugly thing (severely wounded)
The floor.
Casting: Stone Arrow (safe; 1% risk of failure)
Confirm with . or Enter, or press ? or * to list all spells.
Aiming: Sandblast (safe; 1% risk of failure)
Press: ? - help, Shift-Dir - straight line, f/p - white ugly thing
Aim: a white ugly thing (severely wounded, 84% to hit)
You feel a surge of power!
The blast of sand misses the white ugly thing.
You sock the white ugly thing!
Your weapon exudes an aura of protection.
The white ugly thing is almost dead.
The white ugly thing trunk-slaps you but does no damage.
You closely miss the white ugly thing.
The white ugly thing is almost dead.
The white ugly thing trunk-slaps you but does no damage.
The white ugly thing closely misses you.
You barely miss the white ugly thing.
The white ugly thing is almost dead.
The white ugly thing trunk-slaps you but does no damage.
You sock the white ugly thing!
Your weapon exudes an aura of protection.
The white ugly thing is almost dead.
The white ugly thing trunk-slaps you but does no damage.
You hit the white ugly thing but do no damage.
The white ugly thing is almost dead.
The white ugly thing trunk-slaps you. The white ugly thing freezes you!!
Your body deteriorates!
You feel dopey. The white ugly thing trunk-slaps you!
Your body deteriorates!
You feel dopey. The white ugly thing freezes you!!
You feel threatened and lose the ability to read scrolls!
Ouch! That really hurt!
You die...

#.............# #.#
#.#####.....#.# #.# #.#
##...##.# #.# #.# ##.###.# #.#
#.# ### #.# #.# #.# #.#
#.#########
#.###########.####.........###
#........................#....
#############@###.#.##...#....
#u# #.#.##.#####.. #.#
#.#.##........ #.#
#....##.......
#.###.....#....#..
#...........####..
##........#.######
#..............#
#.......##.###.##


You could see a white ugly thing.

Vanquished Creatures
  A two-headed ogre (D:8)
  4 yaks (D:9)
  2 wyverns
  A water moccasin (D:7)
  A hornet zombie (D:6)
  2 ice beasts (D:6)
  4 orc warriors
  A sky beast (D:7)
  2 necrophages (D:6)
  A black bear (D:7)
  An ogre (D:6)
  3 lemures (D:5)
  A kobold brigand (D:8)
  2 bullfrogs
  A wyvern zombie (D:7)
  A scorpion (D:6)
  2 water moccasin skeletons
  6 killer bees (D:8)
  2 electric eels (D:7)
  7 wights
  2 howler monkeys
  A bullfrog zombie (D:6)
  3 centaur zombies
  3 hounds
  A jelly (D:6)
  2 centaur skeletons
  7 orc priests
  A gnoll shaman (D:9)
  2 bullfrog skeletons (D:6)
  2 iguanas
  7 orc wizards
  A hound skeleton (D:4)
  A hound zombie (D:5)
  2 howler monkey zombies
  8 adders
  8 gnolls
  3 ufetubi
  A worm (D:4)
  2 dart slugs (D:1)
  22 orcs
  2 endoplasms (D:2)
  3 giant cockroaches
  2 goblins
  8 hobgoblins
  3 jackals (D:2)
  4 kobolds
  4 quokkas
  4 ball pythons
  6 bats
  7 rats
167 creatures vanquished.

Vanquished Creatures (collateral kills)
  A wight (D:8)
1 creature vanquished.

Vanquished Creatures (others)
  A wight (D:8)
  4 plants (D:7)
5 creatures vanquished.

Grand Total: 173 creatures vanquished

Notes
Turn   | Place    | Note
-------+----------+-------------------------------------------
     0 | D:1      | octoduck the Gargoyle Earth Elementalist began the quest
                  | for the Orb.
     0 | D:1      | Reached XP level 1. HP: 10/10 MP: 3/3
   251 | D:1      | Found a faded altar of an unknown god.
   374 | D:1      | Reached skill level 4 in Earth Magic
   547 | D:1      | Reached XP level 2. HP: 15/15 MP: 5/5
  1064 | D:1      | Reached XP level 3. HP: 19/19 MP: 6/6
  1084 | D:1      | Reached skill level 5 in Earth Magic
  1364 | D:1      | Learned a level 3 spell: Stone Arrow
  1828 | D:2      | Reached skill level 1 in Conjurations
  1943 | D:2      | Reached XP level 4. HP: 17/24 MP: 7/7
  2504 | D:2      | Learned a level 2 spell: Passwall
  3224 | D:3      | Reached XP level 5. HP: 28/28 MP: 6/8
  3426 | D:4      | Found a radiant altar of Vehumet.
  3432 | D:4      | Became a worshipper of Vehumet
  3546 | D:4      | Found a staircase to the Ecumenical Temple.
  3577 | D:4      | Reached skill level 6 in Earth Magic
  3801 | D:4      | Found an ancient bone altar of Kikubaaqudgha.
  4165 | D:5      | Entered Level 5 of the Dungeon
  4195 | D:5      | Noticed a lemure
  4416 | D:5      | Noticed Edmund
  4529 | D:5      | Gained mutation: Your body sometimes deteriorates upon
                  | taking damage. [potion of mutation]
  4529 | D:5      | Gained mutation: You sometimes lose the ability to read
                  | scrolls when taking damage. [potion of mutation]
  4529 | D:5      | Gained mutation: Your magical capacity is low. (-10% MP)
                  | [potion of mutation]
  4529 | D:5      | Gained mutation: Your skin changes colour to match your
                  | surroundings (Stealth+). [potion of mutation]
  4533 | D:5      | Noticed a lemure
  4533 | D:5      | Noticed a lemure
  4547 | D:5      | Killed a lemure
  4549 | D:5      | Killed a lemure
  4616 | D:5      | Reached XP level 6. HP: 32/32 MP: 8/8
  4665 | D:5      | Found a blossoming altar of Fedhas.
  4746 | D:5      | Noticed Grinder
  5412 | D:6      | Noticed an ice beast
  5562 | D:5      | Reached skill level 7 in Earth Magic
  5750 | D:6      | Reached XP level 7. HP: 36/36 MP: 10/10
  5912 | D:6      | Reached skill level 5 in Conjurations
  5988 | D:6      | Reached skill level 8 in Earth Magic
  6000 | D:6      | Reached XP level 8. HP: 34/41 MP: 12/12
  6168 | D:6      | Reached * piety under Vehumet
  6168 | D:6      | Offered knowledge of Shock by Vehumet.
  6195 | D:6      | Learned a level 1 spell: Shock
  6310 | D:6      | Reached skill level 9 in Earth Magic
  6452 | D:6      | Found a glowing golden altar of the Shining One.
  6513 | D:6      | Found a shimmering blue altar of Sif Muna.
  6632 | D:6      | Found a sacrificial altar of Ru.
  6933 | D:7      | Noticed a boulder beetle
  7383 | D:6      | Reached skill level 1 in Fighting
  7518 | D:7      | Reached XP level 9. HP: 49/49 MP: 13/13
  8144 | D:7      | Reached skill level 10 in Earth Magic
  8961 | D:8      | Offered knowledge of Static Discharge by Vehumet.
  9005 | D:8      | Learned a level 2 spell: Static Discharge
  9072 | D:8      | Reached ** piety under Vehumet
  9073 | D:8      | Reached skill level 1 in Transmutations
  9152 | D:8      | Reached skill level 5 in Fighting
  9278 | D:8      | Noticed a two-headed ogre
  9284 | D:8      | Killed a two-headed ogre
  9285 | D:8      | Reached skill level 11 in Earth Magic
  9285 | D:8      | Reached XP level 10. HP: 60/60 MP: 13/14
  9367 | D:8      | Found Baruanwe's Jewellery Shoppe.
  9519 | D:8      | Found an ornate altar of the Wu Jian Council.
  9919 | D:9      | Found a staircase to the Orcish Mines.
  9927 | D:8      | Learned a level 4 spell: Petrify
 10913 | D:9      | Noticed a white ugly thing
 11072 | D:9      | Identified the +1 ring mail of Death's Door {rPois Regen+
                  | Int+2 Dex+3}
 11361 | D:9      | Mangled by a white ugly thing

Illustrated notes

Levels and vault maps discovered:
D:1:      evilmike_arrival_fibonacci_small, layout_basic,
          shapermc_ecumenical_altar_ellora, chequers_serial_rivers_micro_c
D:2:      minmay_chambers_of_twos, layout_basic, kennysheep_donut,
          minmay_box_of_dots
D:3:      layout_loops_cross
D:4:      layout_basic, nicolae_overflow_hidden_temple, kennysheep_little_box,
          minmay_temple_entry_antechambers, kennysheep_generic_room_13
D:5:      layout_gridville, kennysheep_mini, uniq_pikel, uniq_grinder,
          uniq_edmund
D:6:      layout_rooms, tso_metal_star, lemuel_round_altar, lemuel_round_altar,
          st_stairs_9, minmay_pentangle
D:7:      layout_basic, serial_bayou_lagoon_b
D:8:      layout_loops_ring, mainiacjoe_overflow_chevrons, nicolae_stop_n_shop_1
D:9:      layout_loops_ring, minmay_orc_entry_temple_small

Skill      XL: |  1  2  3  4  5  6  7  8  9 10 |
---------------+-------------------------------+-----
Earth Magic    | 4 5 6 7 8 9 11 | 11.7
Conjurations   | 1 2 3 4 5 7 8 |  8.3
Spellcasting   | 3 4 |  4.1
Fighting       | 2 5 7 |  7.0
Transmutations | 2 3 |  3.8
Dodging        | |  1.5
Stealth        | |  2.1

Action                   |  1- 3 |  4- 6 |  7- 9 | 10-12 || total
-------------------------+-------+-------+-------+-------++-------
Melee: Unarmed           |    70 |       |       |       ||    70
       Spear             |    42 |   197 |    70 |       ||   309
       Mace              |       |       |    46 |    73 ||   119
 Cast: Sandblast         |     6 |    11 |    49 |     8 ||    74
       Stone Arrow       |       |       |    38 |    28 ||    66
       Petrify           |       |       |       |     2 ||     2
       Shock             |       |       |       |     1 ||     1
Evoke: Wand              |       |       |     4 |     2 ||     6
  Use: Scroll            |     2 |    12 |     2 |     2 ||    18
       Potion            |       |     1 |       |       ||     1
 Stab: Sleeping          |     2 |     1 |     1 |     1 ||     5
Armor: Robe              |    44 |    91 |    88 |    59 ||   282
Dodge: Dodged            |    57 |   121 |   101 |    40 ||   319
